 Dungeon Crawl Stone Soup version 0.27.1 (webtiles) character file.

Game seed: 1727610630600041931

14 Renzlar the Shield-Bearer (level 2, 0/29 HPs)
             Began as a Gnoll Fighter on Aug 26, 2021.
             Slain by a phantom (1 damage)
             ... summoned by the darkness of Dithmenos
             ... on level 1 of the Dungeon.
             The game lasted 00:02:21 (624 turns).

Renzlar the Shield-Bearer (Gnoll Fighter)            Turns: 624, Time: 00:02:22

Health: 0/29       AC:  7    Str: 15    XL:     2   Next: 41%
Magic:  2/2        EV:  7    Int:  7    God:
Gold:   18         SH: 10    Dex: 11    Spells: 1/1 levels left

rFire    . . .     SeeInvis .   f - +2 dagger (elec)
rCold    . . .     Faith    .   c - +0 kite shield
rNeg     . . .     Spirit   .   b - +0 scale mail
rPois    .         Reflect  .   (no helmet)
rElec    .         Harm     .   (no cloak)
rCorr    .         Rampage  .   (no gloves)
Will     .....                  (no boots)
Stlth    ..........             (no amulet)
HPRegen  0.09/turn              (no ring)
MPRegen  0.08/turn              (no ring)

@: no status effects
A: fangs 1, strong nose, distributed training
a: no special abilities


You were on level 1 of the Dungeon.
You visited 1 branch of the dungeon, and saw 1 of its levels.

You collected 18 gold pieces.

Inventory:

Hand Weapons
 a - a +0 war axe
 f - a +2 dagger of electrocution (weapon)
Armour
 b - a +0 scale mail (worn)
 c - a +0 kite shield (worn)
Scrolls
 e - 2 scrolls of teleportation {unknown}
Potions
 d - a potion of might


   Skills:
 + Level 6.5 Fighting
 + Level 0.4 Short Blades
 + Level 0.4 Long Blades
 + Level 4.5 Axes
 + Level 0.4 Maces & Flails
 + Level 0.4 Polearms
 + Level 0.4 Staves
 + Level 0.4 Slings
 + Level 0.4 Bows
 + Level 0.4 Crossbows
 + Level 0.4 Throwing
 + Level 6.5 Armour
 + Level 0.4 Dodging
 + Level 0.4 Stealth
 + Level 6.5 Shields
 + Level 0.4 Unarmed Combat
 + Level 0.4 Spellcasting
 + Level 0.2 Conjurations
 + Level 0.2 Hexes
 + Level 0.2 Summonings
 + Level 0.2 Necromancy
 + Level 0.2 Translocations
 + Level 0.2 Transmutations
 + Level 0.2 Fire Magic
 + Level 0.2 Ice Magic
 + Level 0.2 Air Magic
 + Level 0.2 Earth Magic
 + Level 0.2 Poison Magic
 + Level 0.5 Invocations
 + Level 0.4 Evocations


You had one spell level left.
You didn't know any spells.
Your spell library was empty.

Dungeon Overview and Level Annotations

Branches:
Dungeon (1/15)

Altars:
Dithmenos


Innate Abilities, Weirdness & Mutations

You have very sharp teeth.
Your uncanny sense of smell can sniff out nearby items.
Your experience applies equally to all skills.


Message History

Unknown command.
You closely miss the phantom. Your bite misses the phantom.
You block the phantom's attack. x2
You hit the phantom but do no damage.
Your shield prevents you from hitting the bullfrog.
The bullfrog closely misses you. The phantom hits you.
The phantom blinks!
You blink.
Unknown command.
You closely miss the phantom. Your bite misses the phantom.
The phantom hits you but does no damage.
You block the phantom's attack.
You hit the phantom but do no damage. The phantom hits you.
The bullfrog hits you but does no damage.
You hear the crackle of electricity.
f - a +2 dagger of electrocution (weapon)
You block the phantom's attack.
The bullfrog hits you but does no damage.
Unknown command.
You hit the phantom.
The phantom is lightly damaged.
You block the bullfrog's attack. The phantom hits you.
* * * LOW HITPOINT WARNING * * *
The phantom blinks!
You blink.
Unknown command.
You hit the phantom. Lightning courses through the phantom!
The phantom is heavily damaged.
The phantom barely misses you. You block the bullfrog's attack.
You hit the phantom but do no damage. Lightning courses through the phantom!
The phantom is almost destroyed.
You block the bullfrog's attack. The phantom hits you!
* * * LOW HITPOINT WARNING * * *
The phantom blinks!
You blink.
Unknown command.
You barely miss the phantom. You bite the phantom, but do no damage.
The phantom is almost destroyed.
The phantom hits you but does no damage.
You barely miss the phantom.
The phantom is almost destroyed.
The phantom hits you.
You die...

#.......#....#........# .#
........# ...#.######.######.#
#.......# #...# #........#
#.......#####..######.......##
'..................>##.###.#####
#......†######.#...............#
....###.# #.#.##.##...#.###.##
....# #)######..W........#.#.....
....# #.#.......@##........#.#.##
#######.#......F.##........#.#.#
##...##.#........##............#
.#...##.#........##.#.######.###
.#...##.#...§....##.#........#
.#...##.#......#.##.#############
.#...##..........##..............
.#...###########..#.#############
.#...#### ##.#.#


You could see a phantom (summoned) and a bullfrog (summoned).

Vanquished Creatures
  A giant cockroach (D:1)
  4 hobgoblins (D:1)
  3 bats (D:1)
  2 goblins (D:1)
  A kobold (D:1)
  2 rats (D:1)
13 creatures vanquished.

Notes
Turn   | Place    | Note
-------+----------+-------------------------------------------
     0 | D:1      | Renzlar the Gnoll Fighter began the quest for the Orb.
     0 | D:1      | Reached XP level 1. HP: 23/23 MP: 1/1
   106 | D:1      | Found a faded altar of an unknown god.
   193 | D:1      | Became a worshipper of Dithmenos the Shadowed
   193 | D:1      | Reached * piety under Dithmenos
   194 | D:1      | Fell from the grace of Dithmenos
   320 | D:1      | Reached XP level 2. HP: 28/29 MP: 2/2
   612 | D:1      | Noticed a bullfrog
   612 | D:1      | Noticed a phantom
   622 | D:1      | HP: 1/29 [phantom[the darkness of Dithmenos] (7)]
   624 | D:1      | Slain by a phantom

Illustrated notes

Levels and vault maps discovered:
D:1:      grunt_arrival_lava_bath, layout_basic,
          chequers_ecumenical_altar_twisty, minmay_lizard_king

Action                   || total
-------------------------++-------
Melee: War axe           ||    26
       Bite              ||     3
       Dagger            ||    14
Invok: Renounce Religion ||     1
Armor: Scale mail        ||    14
Dodge: Dodged            ||    11
Block: Kite shield       ||    23
